 Dungeon Crawl Stone Soup version 0.29.1-13-g9f3cf754e1 (webtiles) character file.

Game seed: 12361686583673620743

43966 teukkam the Fighter (level 13, -7/119 HPs)
             Began as a Minotaur Berserker on Jan 21, 2023.
             Was a High Priest of Trog.
             Mangled by a death yak (17 damage)
             ... on level 5 of the Lair of Beasts.
             The game lasted 01:09:56 (19003 turns).

teukkam the Fighter (Minotaur Berserker)           Turns: 19003, Time: 01:09:57

Health: -7/119     AC: 12    Str: 26    XL:     13   Next: 93%
Magic:  12/12      EV: 18    Int:  2    God:    Trog [*****.]
Gold:   1118       SH:  0    Dex: 17    Spells: 12/12 levels left

rFire   + . .      SeeInvis .   a - +7 dire flail (protect)
rCold   + + +      Faith    +   (shield currently unavailable)
rNeg    . . .      Spirit   .   S - +2 acid dragon scales
rPois   .          Reflect  .   (helmet restricted)
rElec   .          Harm     .   M - scarf {rC+ rF+}
rCorr   +          Rampage  .   m - +0 pair of gloves
Will    .....                   (no boots)
Stlth   +.........              H - amulet of faith
HPRegen 0.29/turn               V - ring of protection from cold
MPRegen 0.13/turn               (no ring)

@: about to teleport
A: horns 2, retaliatory headbutt, agile 2, cold resistance 1
a: Renounce Religion, Berserk, Trog's Hand, Brothers in Arms


You were on level 5 of the Lair of Beasts.
You worshipped Trog.
Trog was extremely pleased with you.
You visited 2 branches of the dungeon, and saw 15 of its levels.
You also visited: Ice Cave.

You collected 1118 gold pieces.

Inventory:

Hand Weapons
 a - a +7 dire flail of protection (weapon)
 j - a +1 short sword of speed
 t - a +1 dagger of flaming
 F - a +0 arbalest
 L - a +3 falchion of flaming
 R - a +0 spectral morningstar
 W - a +1 longbow of freezing
 X - a +1 battleaxe of freezing
Missiles
 f - 102 stones (quivered)
 q - a boomerang
 w - 2 throwing nets
 x - 14 poisoned darts
 Q - 3 javelins
Armour
 m - a +0 pair of gloves (worn)
 M - a scarf of resistance (worn)
 S - +2 acid dragon scales (worn)
Jewellery
 H - an amulet of faith (around neck)
 V - a ring of protection from cold (left hand)
Wands
 n - a wand of light (6)
 A - a wand of roots (3)
 E - a wand of mindburst (9)
 I - a wand of charming (16)
 N - a wand of flame (16)
 Y - a wand of digging (6)
Scrolls
 g - 4 scrolls of identify
 l - 2 scrolls of blinking
 s - 2 scrolls of poison
 z - 2 scrolls of teleportation
 G - 2 scrolls of magic mapping
 P - a scroll of torment
 T - a scroll of brand weapon
 U - a scroll of fear
Potions
 b - 2 potions of haste
 c - a potion of lignification
 e - 2 potions of attraction
 h - 6 potions of curing
 i - 4 potions of mutation
 o - 4 potions of ambrosia
 p - 2 potions of invisibility {unknown}
 r - a potion of resistance {unknown}
 u - 2 potions of might {unknown}
 v - 2 potions of flight {unknown}
 D - a potion of cancellation {unknown}
 J - 2 potions of berserk rage {unknown}
 K - a potion of magic {unknown}
 O - a potion of brilliance {unknown}
Miscellaneous
 d - a phial of floods
 B - a condenser vane
 Z - a phial of floods


   Skills:
 + Level 12.8 Fighting
 - Level 5.5(9.3) Axes
 + Level 11.6(12.1) Maces & Flails
 + Level 10.1 Ranged Weapons
 + Level 10.2 Throwing
 + Level 12.5 Armour
 + Level 11.5 Dodging


You had 12 spell levels left.
You didn't know any spells.
Your spell library was empty.

Dungeon Overview and Level Annotations

Branches:
Dungeon (10/15)            Temple (0/1) D:7            Lair (5/5) D:10
 Shoals (0/4) Lair:3       Spider (0/4) Lair:2        Slime (0/5) Lair:4
  IceCv (visited)
    Orc: D:9-12

Altars:
Ashenzari
Elyvilon
Makhleb

Annotations:
D:3 Grinder


Innate Abilities, Weirdness & Mutations

You have a pair of horns on your head.
You reflexively headbutt those who attack you in melee.
You are very agile. (Dex +8, Str/Int -2)
Your flesh is cold resistant. (rC+)


Message History

The death yak gores you! The death yak attacks as you move away!
The death yak gores you! The death yak misses you.
You impale the death yak!!
Your weapon exudes an aura of protection.
You headbutt the death yak, but do no damage.
The death yak is heavily wounded.
The death yak gores you! The death yak attacks as you move away!
The death yak gores you!!
You barely miss the death yak.
The death yak is heavily wounded.
You hit the death yak. You headbutt the death yak.
The death yak is heavily wounded.
The death yak barely misses you.
You puncture the death yak! You headbutt the death yak!
The death yak is severely wounded.
The death yak gores you but does no damage.
You impale the death yak!! You headbutt the death yak.
You kill the death yak!
Trog accepts your kill. The smoke demon gestures at you. Something smites you!
You puncture the death yak!
Your weapon exudes an aura of protection.
The death yak is lightly wounded.
The death yak gores you!
* * * LOW HITPOINT WARNING * * *
The death yak attacks as you move away! The death yak closely misses you.
As you read the scroll of teleportation, it crumbles to dust.
You feel strangely unstable. The death yak barely misses you.
The death yak attacks as you move away! The death yak misses you.
You furiously retaliate!
You headbutt the death yak. The death yak attacks as you move away!
The death yak gores you but does no damage.
The death yak attacks as you move away! The death yak gores you.
* * * LOW HITPOINT WARNING * * *
The death yak gores you!
* * * LOW HITPOINT WARNING * * *
The death yak attacks as you move away! The death yak gores you!
You die...

♣♣♣♣♣♣.♣..♣♣..♣♣
...♣♣.....♣♣♣..♣♣
...♣♣.....[♣♣...♣
...♣♣...♣♣♣♣♣♣..♣♣
...♣♣♣.♣♣ ♣...♣♣
...♣ ♣♣♣ ♣♣...♣♣
...♣♣ ♣....♣ ....♣
♣....♣ ....♣ ♣♣
♣♣@..♣♣ ....♣♣♣.
♣♣YY..♣ ..♣♣♣♣..÷
♣♣..YY.♣ ..♣♣♣♣YY♣
♣..♣♣..♣♣
#.♣♣.♣.Y♣
♣..♣♣.3:♣
#.♣♣..÷.♣♣
♣♣.♣♣♣♣..♣
#♣♣♣..♣.Y♣ ♣..♣♣
♣♣.♣ ♣ ♣.Y.♣Y♣
♣♣..♣ ♣♣.♣ #♣
♣..Y.♣ ♣♣.♣♣♣..♣


You could see 4 death yaks and a smoke demon.

Vanquished Creatures
  A shadow dragon (shapeshifter) (Lair:5)
  A frost giant (IceCv)
  Fannar (Lair:1)
  2 hydras
  An ice dragon (Lair:3)
  A two-headed ogre (D:7)
  An anaconda (shapeshifter) (Lair:5)
  6 death yaks
  3 thrashing horrors (Lair:5)
  A fire crab (shapeshifter) (Lair:5)
  3 ugly things
  2 ice statues
  Maggie (D:10)
  2 torpor snails (Lair:5)
  A smoke demon (Lair:5)
  A black mamba (Lair:1)
  5 cane toads
  4 komodo dragons
  A freezing wraith (Lair:3)
  A rime drake (Lair:3)
  An ice devil (Lair:3)
  The ghost of gargbit the Covert, a novice KoBr (D:5)
  An ancient zyme (Lair:5)
  16 polar bears
  20 blink frogs
  A jumping spider (Lair:2)
  A large abomination (Lair:5)
  A wyvern (Lair:5)
  9 basilisks
  2 spriggans (Lair:5)
  56 yaks
  A death yak simulacrum (Lair:3)
  Eustachio (D:6)
  2 chaos spawn (Lair:5)
  A steam dragon (D:5)
  3 wargs (D:10)
  Edmund (D:5)
  3 water moccasins
  A floating eye (shapeshifter) (Lair:5)
  Duvessa (D:5)
  4 orc warriors
  5 sky beasts
  29 wolves
  A centaur (D:7)
  3 kobold brigands
  11 bullfrogs
  3 scorpions
  3 necrophages
  9 small abominations (Lair:5)
  Dowan (D:5)
  4 jellies
  4 killer bees (D:7)
  An elephant simulacrum (Lair:3)
  9 howler monkeys
  3 electric eels (Lair:4)
  A vampire bat (Lair:3)
  A lava snake (Lair:4)
  5 orc priests
  4 hounds
  7 iguanas
  6 orc wizards
  2 spriggan simulacra (Lair:3)
  7 gnolls
  8 adders
  15 white imps
  An ufetubus (D:7)
  A worm (D:2)
  A dart slug (D:4)
  22 orcs
  7 ball pythons
  10 bats
  An endoplasm (D:2)
  2 giant cockroaches
  8 goblins
  7 hobgoblins
  3 jackals (D:3)
  18 kobolds
  2 quokkas
  6 frilled lizards (D:2)
  4 rats
401 creatures vanquished.

Vanquished Creatures (others)
  2 bushes (Lair:5)
  21 fungi
  32 plants
55 creatures vanquished.

Grand Total: 456 creatures vanquished

Notes
Turn   | Place    | Note
-------+----------+-------------------------------------------
     0 | D:1      | teukkam the Minotaur Berserker began the quest for the Orb.
     0 | D:1      | Reached XP level 1. HP: 19/19 MP: 0/0
   129 | D:1      | You fall into a shaft and drop 1 floor!
   260 | D:2      | Reached XP level 2. HP: 27/27 MP: 1/1
   489 | D:1      | Found a faded altar of an unknown god.
   755 | D:1      | Reached XP level 3. HP: 30/33 MP: 2/2
  1757 | D:3      | Found a burning altar of Makhleb.
  1784 | D:3      | Found a white marble altar of Elyvilon.
  1837 | D:3      | Reached XP level 4. HP: 41/41 MP: 3/3
  1901 | D:3      | Noticed Grinder
  1933 | D:4      | Reached ** piety under Trog
  2165 | D:4      | Noticed a scorpion
  2170 | D:4      | Killed a scorpion
  2171 | D:4      | Reached skill level 1 in Throwing
  2171 | D:4      | Reached XP level 5. HP: 46/47 MP: 4/4
  2514 | D:4      | Reached skill level 5 in Fighting
  2514 | D:4      | Reached skill level 5 in Axes
  2514 | D:4      | Reached XP level 6. HP: 33/56 MP: 5/5
  3098 | D:5      | Entered Level 5 of the Dungeon
  3473 | D:5      | Found a runed translucent gate.
  3473 | D:5      | Noticed gargbit's ghost (novice KoBr)
  3480 | D:5      | Found a runed translucent gate.
  3480 | D:5      | Found a runed translucent gate.
  3482 | D:5      | Noticed an orc warrior
  3517 | D:5      | Noticed Edmund
  3528 | D:5      | Killed Edmund
  3529 | D:5      | Reached XP level 7. HP: 61/61 MP: 6/6
  3789 | D:5      | Reached skill level 1 in Maces & Flails
  3789 | D:5      | Reached skill level 5 in Armour
  3952 | D:5      | Noticed Duvessa
  3952 | D:5      | Noticed Dowan
  3964 | D:5      | Killed Duvessa
  3966 | D:5      | Killed Dowan
  4092 | D:5      | Noticed a steam dragon
  4104 | D:5      | Killed a steam dragon
  4105 | D:5      | Reached skill level 5 in Dodging
  4461 | D:5      | Reached XP level 8. HP: 64/70 MP: 7/7
  4874 | D:5      | Killed gargbit's ghost
  5434 | D:6      | Reached skill level 1 in Ranged Weapons
  5466 | D:6      | Found a broken altar of Ashenzari.
  5682 | D:6      | Reached *** piety under Trog
  5890 | D:6      | Noticed Eustachio
  5896 | D:6      | Killed Eustachio
  5897 | D:6      | Reached XP level 9. HP: 79/79 MP: 8/8
  6066 | D:7      | Found a staircase to the Ecumenical Temple.
  6117 | D:7      | Noticed a two-headed ogre
  6125 | D:7      | Killed a two-headed ogre
  6126 | D:7      | Reached skill level 5 in Maces & Flails
  6126 | D:7      | Reached skill level 5 in Throwing
  6800 | D:9      | Reached XP level 10. HP: 87/88 MP: 9/9
  6957 | D:10     | Entered Level 10 of the Dungeon
  7114 | D:10     | Found a staircase to the Lair.
  7124 | D:10     | Reached **** piety under Trog
  7189 | D:10     | Noticed Maggie
  7205 | D:10     | Killed Maggie
  7370 | Lair:1   | Entered Level 1 of the Lair of Beasts
  7433 | Lair:2   | Noticed a black mamba
  7718 | Lair:1   | Reached skill level 5 in Ranged Weapons
  7718 | Lair:1   | Killed a black mamba
  7872 | Lair:1   | Noticed Fannar
  7883 | Lair:1   | Killed Fannar
  8056 | Lair:1   | Reached XP level 11. HP: 61/97 MP: 10/10
  9328 | Lair:2   | Found a hole to the Spider Nest.
  9919 | Lair:3   | Reached skill level 10 in Fighting
  9995 | Lair:3   | Noticed an ice dragon
  9998 | Lair:3   | Noticed a death yak
 10016 | Lair:3   | HP: 4/99 [death yak (8)]
 10030 | Lair:2   | Killed a death yak
 10314 | Lair:3   | Found a frozen archway.
 10331 | IceCv    | Entered an ice cave
 10481 | IceCv    | Reached skill level 10 in Armour
 10702 | IceCv    | Reached ***** piety under Trog
 10849 | IceCv    | Reached XP level 12. HP: 101/108 MP: 11/11
 11079 | IceCv    | Noticed a death yak
 11101 | IceCv    | Killed a death yak
 11471 | IceCv    | Noticed a death yak
 11471 | IceCv    | Noticed a frost giant
 11471 | IceCv    | Noticed a death yak
 11481 | IceCv    | Killed a death yak
 11490 | IceCv    | Killed a frost giant
 11491 | IceCv    | Reached skill level 10 in Dodging
 11501 | IceCv    | Killed a death yak
 12129 | Lair:3   | Reached skill level 10 in Maces & Flails
 12256 | Lair:3   | Found a staircase to the Shoals.
 12422 | Lair:3   | Killed an ice dragon
 13196 | Lair:4   | Identified the +7 short sword of the Throat {freeze, Will+
                  | MP+9 Str-2}
 13750 | Lair:4   | Found a staircase to the Slime Pits.
 14108 | Lair:4   | Noticed a six-headed hydra
 14118 | Lair:4   | Killed a six-headed hydra
 14119 | Lair:4   | Reached XP level 13. HP: 72/117 MP: 12/12
 14374 | Lair:4   | Received a gift from Trog
 15012 | Lair:5   | Entered Level 5 of the Lair of Beasts
 17526 | Lair:5   | Gained mutation: You are agile. (Dex +4, Str/Int -1)
                  | [potion of mutation]
 17526 | Lair:5   | Gained mutation: Your flesh is cold resistant. (rC+)
                  | [potion of mutation]
 17526 | Lair:5   | Gained mutation: You are very agile. (Dex +8, Str/Int -2)
                  | [potion of mutation]
 17620 | Lair:5   | Noticed a shadow dragon
 17637 | Lair:5   | Killed a shadow dragon
 17745 | Lair:5   | Paralysed by a floating eye for 2 turns
 18248 | Lair:5   | Reached skill level 10 in Throwing
 18371 | Lair:5   | Received a gift from Trog
 18664 | Lair:5   | Reached skill level 10 in Ranged Weapons
 19003 | Lair:5   | Mangled by a death yak

Illustrated notes

Levels and vault maps discovered:
D:1:      dpeg_arrival_rhombus, layout_basic,
          hellmonk_ecumenical_altar_heavens_door
D:2:      layout_loops_ring
D:3:      wander_river, layout_rooms, mainiacjoe_overflow_swirl,
          chequers_serial_rivers_room_b, uniq_grinder
D:4:      layout_loops_ring
D:5:      dreamdust_elfheim, layout_loops_corners, gammafunk_ghost_split,
          uniq_edmund
D:6:      layout_cave_pods, evilmike_ruin_ashenzari, uniq_eustachio
D:7:      layout_rooms, minmay_temple_entry_butterflies
D:8:      layout_rooms, enter_bailey_7
D:9:      layout_rooms, nicolae_zen_rock_garden, uniq_erica
D:10:     layout_long_grid, erik_lair_orcish_takeover, erik_orc_4, uniq_sonja,
          uniq_erolcha, uniq_maggie
Lair:1:   layout_loops_ring, small_statue_intersection, uniq_fannar
Lair:2:   layout_misc_corridors, spider_nest_entry_a,
          infiniplex_staircase_pool_2
Lair:3:   dreamdust_isle_of_ice, layout_small_grid, elwin_shoals_entry_rocks,
          portal_ice_cave_entry_imps, roderic_batcave
Lair:4:   layout_long_grid, dpeg_slime_entry_corner, nicolae_lair_liquid_snakes,
          infiniplex_staircase_pool
Lair:5:   hellmonk_lair_end_abyssal_woods, layout_cellular_growth,
          wad_woods_road_04, grunt_megastairs_2

Skill      XL: |  1  2  3  4  5  6  7  8  9 10 11 12 13 |
---------------+----------------------------------------+-----
Fighting       | 4 5 6 7 8 9 10 11 12 | 12.8
Axes           | 4 5 |  5.5
Armour         | 3 4 5 6 7 9 10 11 12 | 12.5
Dodging        | 3 4 5 6 7 8 9 10 11 | 11.5
Throwing       | 1 2 3 4 5 6 8 9 10 | 10.2
Maces & Flails | 2 4 6 7 9 10 11 | 11.6
Ranged Weapons | 2 4 5 7 8 10 | 10.1

Action                   |  1- 3 |  4- 6 |  7- 9 | 10-12 | 13-15 || total
-------------------------+-------+-------+-------+-------+-------++-------
Melee: Hand axe          |    87 |   113 |    31 |       |       ||   231
       Headbutt          |     8 |    20 |    22 |    86 |    74 ||   210
       Punch             |     1 |     2 |     1 |       |       ||     4
       Dire flail        |       |       |    99 |   503 |   301 ||   903
       War axe           |       |       |     8 |       |       ||     8
Throw: Boomerang         |     1 |     2 |     3 |       |       ||     6
       Dart              |       |       |    20 |    22 |     6 ||    48
       Javelin           |       |       |     4 |       |     6 ||    10
       Stone             |       |       |     1 |     3 |     1 ||     5
Invok: Berserk           |     1 |     4 |     8 |    15 |     5 ||    33
Evoke: Wand              |       |       |       |    17 |       ||    17
  Use: Scroll            |       |       |       |    11 |    12 ||    23
       Potion            |       |       |       |     3 |     4 ||     7
 Stab: Distracted        |       |       |       |       |     1 ||     1
Armor: Ring mail         |    29 |       |       |       |       ||    29
       Scale mail        |       |    41 |    72 |    35 |       ||   148
       Acid dragon scale |       |       |       |   202 |   106 ||   308
Dodge: Dodged            |    53 |    56 |    82 |   310 |   193 ||   694
